 Dungeon Crawl Stone Soup version 0.19.1 (webtiles) character file.

86 Lilleppy the Skirmisher (level 4, -10/40 HPs)
             Began as a Hill Orc Fighter on Dec 10, 2016.
             Was an Initiate of Gozag.
             Killed from afar by tony's ghost (23 damage)
             ... with a stone arrow
             ... on level 3 of the Dungeon.
             The game lasted 00:05:32 (1416 turns).

Lilleppy the Skirmisher (Hill Orc Fighter)          Turns: 1416, Time: 00:05:35

Health: -10/40     AC:  8    Str: 19    XL:     4   Next: 49%
Magic:  4/4        EV:  7    Int:  8    God:    Gozag
Gold:   185        SH:  9    Dex: 10    Spells: 1 memorised, 2 levels left

rFire  . . .     SeeInvis .     a - +0 war axe
rCold  . . .     Gourm    .     b - +0 scale mail
rNeg   . . .     Faith    .     c - +0 shield
rPois  .         Spirit   .     (no helmet)
rElec  .         Reflect  .     (no cloak)
rCorr  .         Harm     .     o - +0 pair of gloves
MR     .....                    (no boots)
Stlth  ..........               (no amulet)
                                (no ring)
                                (no ring)

@: lethally poisoned (-10 -> -25), gold aura
A: no striking features
a: Potion Petition, Call Merchant, Bribe Branch, Renounce Religion


You were on level 3 of the Dungeon.
You worshipped Gozag.
Gozag was aware of your devotion.
You were near starving.

You visited 1 branch of the dungeon, and saw 3 of its levels.

You collected 215 gold pieces.
You paid 30 gold pieces to Gozag.

Inventory:

Hand Weapons
 a - a +0 war axe (weapon)
Armour
 b - a +0 scale mail (worn)
 c - a +0 shield (worn)
 o - a +0 pair of gloves (worn)
Scrolls
 k - a scroll of teleportation {unknown}
 l - a scroll of remove curse {unknown}
 m - a scroll of identify {unknown}
 p - a scroll of fear {unknown}
Potions
 d - a potion of might
 e - a potion of heal wounds {unknown}
 i - a potion of curing {unknown}
 j - a potion of haste {unknown}
 n - a potion of degeneration {unknown}
Comestibles
 f - a bread ration
 g - 2 beef jerkies
 h - 2 meat rations


   Skills:
 + Level 4.3 Fighting
 + Level 3.9 Axes
 + Level 3.8 Armour
 + Level 0.4 Dodging
 + Level 0.1 Stealth
 + Level 3.9 Shields


You had 2 spell levels left.
You knew the following spells:

 Your Spells              Type           Power        Failure   Level  Hunger
a - Magic Dart            Conj           #...         100%        1    ##.....


Dungeon Overview and Level Annotations

Branches:
Dungeon (3/15)

Altars:
Gozag
Makhleb
Ru
Vehumet
The Shining One

Annotations:
D:3 tony's ghost, amateur GrEE


Message History

You kill the adder!
You slash the bat!
You kill the bat!
You closely miss tony's ghost.
You feel sick.
Tony's ghost hits you but does no damage.
You are more poisoned.
You hit tony's ghost but do no damage.
You feel sick.
Tony's ghost hits you but does no damage.
Tony's ghost points at you and mumbles some strange words.
You block the rocky blast.
You hit tony's ghost but do no damage.
You feel sick.
Tony's ghost hits you but does no damage.
You are lethally poisoned!
You hit tony's ghost but do no damage.
You feel sick. You block tony's ghost's attack.
Tony's ghost casts a spell at you. The stone arrow hits you!
Ouch! That really hurt!
You die...
Your body crumbles into a pile of gold.

#........#
#........# .# .
#........###.#.##.
#....%.....#.#....
#........#.#....#
#...............#.
#........# .......
#####...W##.......
#####@$.......
#######..........
#.......###......
#.....#.# ......
#.<))...# .....
#..>.#### .....
#.)).# .... #....#
#### #....#


You could see tony's ghost.

Vanquished Creatures
  2 adders
  4 worms (D:2)
  2 dart slugs (D:1)
  A leopard gecko (D:2)
  5 orcs (D:3)
  3 giant cockroaches
  6 goblins
  4 hobgoblins
  4 jackals (D:2)
  5 bats
  2 frilled lizards (D:1)
  3 kobolds
  3 rats
44 creatures vanquished.

Notes
Turn   | Place    | Note
-------+----------+-------------------------------------------
     0 | D:1      | Lilleppy the Hill Orc Fighter began the quest for the Orb.
     0 | D:1      | Reached XP level 1. HP: 19/19 MP: 1/1
    26 | D:1      | Found a glowing golden altar of the Shining One.
    80 | D:1      | Reached XP level 2. HP: 27/27 MP: 2/2
   582 | D:2      | Reached XP level 3. HP: 22/33 MP: 3/3
   696 | D:2      | Found a faded altar of an unknown god.
   724 | D:2      | Became a worshipper of Vehumet
   724 | D:2      | Reached * piety under Vehumet
   724 | D:2      | Offered knowledge of Magic Dart by Vehumet.
   735 | D:2      | Learned a level 1 spell: Magic Dart
   768 | D:2      | Found an opulent altar of Gozag.
   779 | D:2      | Reached skill level 4 in Fighting
   808 | D:2      | Fell from the grace of Vehumet
   808 | D:2      | Became a worshipper of Gozag Ym Sagoz the Greedy
   937 | D:2      | Found a burning altar of Makhleb.
   978 | D:2      | Found a sacrificial altar of Ru.
  1077 | D:2      | Reached XP level 4. HP: 26/40 MP: 4/4
  1392 | D:3      | Noticed tony's ghost (amateur GrEE)
  1416 | D:3      | Killed from afar by tony's ghost

Skill      XL: |  1  2  3 |
---------------+----------+-----
Axes           | 3 |  3.9
Fighting       | 4 |  4.3
Armour         | |  3.8
Dodging        | |  0.4
Stealth        | |  0.1
Shields        | |  3.9

Action                   |  1- 3 |  4- 6 || total
-------------------------+-------+-------++-------
Melee: War axe           |   102 |    50 ||   152
 Stab: Distracted        |       |     1 ||     1
Armor: Scale mail        |    44 |    32 ||    76
Dodge: Dodged            |    35 |    15 ||    50
Block: Shield            |    50 |    26 ||    76
